 Dungeon Crawl Stone Soup version 0.25.1-11-g244df3a29b (webtiles) character file.

Game seed: 5686767366333880830

1003 Circulus the Fighter (level 8, -1/92 HPs)
             Began as an Ogre Berserker on Nov 12, 2020.
             Was a Priest of Trog.
             Slain by an adder skeleton (3 damage)
             ... on level 5 of the Dungeon on May 15, 2022.
             The game lasted 01:08:48 (7802 turns).

Circulus the Fighter (Ogre Berserker)               Turns: 7802, Time: 01:08:49

Health: -1/92      AC:  3    Str: 23    XL:     8   Next: 20%
Magic:  8/8        EV: 11    Int:  8    God:    Trog [***...]
Gold:   246        SH:  0    Dex: 15    Spells: 7/7 levels left

rFire    . . .     SeeInvis .   x - +0 hand axe
rCold    . . .     Gourm    .   (no shield)
rNeg     . . .     Faith    .   b - +0 animal skin
rPois    .         Spirit   .   (helmet restricted)
rElec    .         Reflect  .   (no cloak)
rCorr    .         Harm     .   (gloves unavailable)
MR       .....                  (boots unavailable)
Stlth    +.........             (no amulet)
HPRegen  0.25/turn              M - ring of flight
MPRegen  0.11/turn              z - +6 ring of dexterity

@: no status effects
A: large, unfitting armour, tough skin 1
a: Berserk, Trog's Hand, Renounce Religion, Evoke Flight


You were on level 5 of the Dungeon.
You worshipped Trog.
Trog was most pleased with you.
You were hungry.

You visited 1 branch of the dungeon, and saw 5 of its levels.

You collected 246 gold pieces.

Inventory:

Hand Weapons
 f - a +1 dagger of draining
 o - a +0 hunting sling
 x - a +0 hand axe (weapon)
 y - a +0 shortbow
 C - a +0 short sword
 D - a +0 rapier of holy wrath
 K - a +0 war axe
Missiles
 j - 158 stones (quivered)
 p - 11 arrows
 r - 2 curare-tipped darts
Armour
 b - a +0 animal skin (worn)
Jewellery
 z - a +6 ring of dexterity (right hand)
 M - a ring of flight (left hand)
Wands
 v - a wand of polymorph (6)
 w - a wand of flame (10)
 A - a wand of clouds (7)
 G - a wand of paralysis (5)
Scrolls
 d - 8 scrolls of remove curse
 e - 3 scrolls of identify
 g - 2 scrolls of enchant weapon {unknown}
 h - 2 scrolls of teleportation
 i - 3 scrolls of fear {unknown}
 k - a scroll of amnesia {unknown}
 m - 2 scrolls of random uselessness {unknown}
 u - a scroll of immolation {unknown}
 B - a scroll of magic mapping {unknown}
Potions
 a - 2 potions of magic {unknown}
 l - a potion of curing {unknown}
 n - 4 potions of heal wounds
 q - a potion of lignification {unknown}
 s - a potion of flight {unknown}
 t - a potion of haste {unknown}
 E - a potion of might {unknown}
 H - a potion of berserk rage {unknown}
 I - a potion of cancellation {unknown}
Comestibles
 c - 7 rations


   Skills:
 + Level 9.0 Fighting
 - Level 4.1 Short Blades
 + Level 4.0 Axes
 - Level 3.0 Armour
 - Level 3.0 Dodging


You had 7 spell levels left.
You didn't know any spells.
Your spell library was empty.

Dungeon Overview and Level Annotations

Branches:
Dungeon (5/15)
 Temple: D:4-7

Altars:
Ashenzari
Gozag
The Shining One

Shops:
D:4 =

Annotations:
D:2 exclusion: 2 downstairs, Robin
D:3 1 runed translucent door, exclusions: downstairs and 1 more exclusion, Pikel; lysyklops's ghost, amateur MiBe
D:4 exclusion: 2 upstairs


Innate Abilities, Weirdness & Mutations

You are too large for most types of armour.
You have tough skin. (AC +1)


Message History

* * * LOW HITPOINT WARNING * * *
The adder skeleton barely misses you. The adder skeleton bites you.
* * * LOW HITPOINT WARNING * * *
The adder skeleton bites you.
* * * LOW HITPOINT WARNING * * *
The adder skeleton bites you.
* * * LOW HITPOINT WARNING * * *
The adder skeleton bites you but does no damage.
The adder skeleton closely misses you. The adder skeleton bites you.
* * * LOW HITPOINT WARNING * * *
The adder skeleton bites you but does no damage.
The adder skeleton bites you but does no damage.
The adder skeleton bites you but does no damage.
The adder skeleton bites you.
* * * LOW HITPOINT WARNING * * *
The adder skeleton closely misses you. The adder skeleton barely misses you.
The adder skeleton bites you but does no damage.
The adder skeleton bites you.
You die...

#.# #.# #.# # #.#
.# #.###.#
#.#...######
#...........
###.######## ##
#.######## #.# .#
#.....Z..######.#
.# ..#
#@........# .# #.
###.###
#..######.#### .#
#.# #.....# #..#
#....## .#
#<###.#.#.###..#
##.....#### .#
#..............#
#.......... .#
#.# #.#.#.####.#
#.......... .#
#.# #.....# #.#
#.........รท .#
#.###.###.####.#
##.....#### .#
#.....# #......#
##...##


You could see an adder skeleton.

Vanquished Creatures
  Grinder (D:5)
  4 slaves
  A centaur (D:5)
  2 ogres
  A scorpion (D:4)
  3 bullfrog skeletons (D:4)
  2 orc wizards (D:4)
  Natasha (thrice) (D:3)
  2 iguanas
  A worker ant (D:4)
  6 adders
  4 gnolls
  A shadow imp (D:5)
  2 adder skeletons
  2 worms
  A dart slug (D:1)
  4 leopard geckos
  7 orcs
  2 ball pythons
  4 giant cockroaches
  10 goblins
  14 hobgoblins
  7 jackals
  2 quokkas
  5 bats
  5 frilled lizards
  A jackal skeleton (D:4)
  8 kobolds
  A leopard gecko skeleton (D:4)
  A quokka skeleton (D:5)
  12 rats
119 creatures vanquished.

Notes
Turn   | Place    | Note
-------+----------+-------------------------------------------
     0 | D:1      | Circulus the Ogre Berserker began the quest for the Orb.
     0 | D:1      | Reached XP level 1. HP: 24/24 MP: 1/1
   103 | D:1      | Reached XP level 2. HP: 23/32 MP: 2/2
   550 | D:1      | Upgraded the game from 0.25.1-2-g60ff931df9 to
                  | 0.25.1-8-g42b30a86e7
   737 | D:1      | Reached XP level 3. HP: 35/40 MP: 3/3
  1113 | D:2      | Reached ** piety under Trog
  1113 | D:2      | Reached skill level 5 in Fighting
  1299 | D:2      | Reached XP level 4. HP: 37/50 MP: 4/4
  1359 | D:2      | Noticed Robin
  1739 | D:2      | Found a shattered altar of Ashenzari.
  2299 | D:3      | Found a runed translucent door.
  2299 | D:3      | Noticed lysyklops's ghost (amateur MiBe)
  2303 | D:3      | Noticed Natasha
  2353 | D:3      | Noticed an ogre
  2430 | D:3      | Killed an ogre
  2430 | D:3      | Reached skill level 6 in Fighting
  2430 | D:3      | Reached XP level 5. HP: 28/61 MP: 5/5
  2615 | D:3      | Found an opulent altar of Gozag.
  3090 | D:3      | Reached skill level 7 in Fighting
  3282 | D:3      | Reached skill level 1 in Short Blades
  3508 | D:3      | Killed Natasha
  3508 | D:3      | Reached XP level 6. HP: 61/71 MP: 6/6
  3657 | D:3      | Found a glowing golden altar of the Shining One.
  3899 | D:3      | Noticed Natasha
  3907 | D:3      | Killed Natasha
  4061 | D:4      | Reached skill level 1 in Armour
  4189 | D:4      | Noticed Pikel
  4189 | D:4      | Noticed a slave
  4189 | D:4      | Noticed a slave
  4189 | D:4      | Noticed a slave
  4229 | D:3      | Noticed Natasha
  4241 | D:3      | Killed Natasha
  4241 | D:3      | Reached *** piety under Trog
  4984 | D:4      | Reached XP level 7. HP: 78/78 MP: 7/7
  6356 | D:4      | Found Taibaaxo's Jewellery Boutique.
  6581 | D:5      | Entered Level 5 of the Dungeon
  6848 | D:5      | Reached skill level 8 in Fighting
  6964 | D:5      | Noticed Grinder
  6996 | D:5      | Killed Grinder
  6996 | D:5      | Reached XP level 8. HP: 89/89 MP: 8/8
  7086 | D:5      | Reached skill level 9 in Fighting
  7404 | D:5      | Upgraded the game from 0.25.1-8-g42b30a86e7 to
                  | 0.25.1-11-g244df3a29b
  7790 | D:5      | HP: 4/92 [adder skeleton (2)]
  7795 | D:5      | HP: 1/92 [adder skeleton (1)]
  7802 | D:5      | Slain by an adder skeleton

Illustrated notes

Levels and vault maps discovered:
D:1:      shiori_arrival_oz, layout_rooms
D:2:      layout_basic, ashenzari_altar_1, first_ration, minmay_3d_cube,
          uniq_robin
D:3:      wad_crossroads, layout_loops_ring, marbit_many_paths,
          ebering_ghost_reflecting_pool,
          nicolae_gozag_cash_rules_everything_around_me, uniq_natasha
D:4:      layout_cave_pools, serial_shops, shop, kennysheep_generic_room_9,
          uniq_pikel
D:5:      layout_loops_ring, uniq_grinder

Skill      XL: |  1  2  3  4  5  6  7  8 |
---------------+-------------------------+-----
Dodging        | 3 |  3.0
Fighting       | 5 6 7 8 9 |  9.0
Axes           | 4 |  4.0
Short Blades   | 2 3 4 |  4.1
Armour         | 1 3 |  3.0

Action                   |  1- 3 |  4- 6 |  7- 9 || total
-------------------------+-------+-------+-------++-------
Melee: Hand axe          |    64 |       |    27 ||    91
       Dagger            |    54 |   161 |   201 ||   416
       Rapier            |       |    53 |       ||    53
Invok: Berserk           |       |       |     2 ||     2
  Use: Scroll            |     2 |       |     2 ||     4
  Eat: Chunk             |     1 |     8 |     4 ||    13
       Ration            |       |     2 |     1 ||     3
Armor: Animal skin       |    31 |    33 |    98 ||   162
Dodge: Dodged            |    64 |   100 |   213 ||   377
